 Dungeon Crawl Stone Soup version 0.22.0-38-g04b72b8 (webtiles) character file.

214930 XxsatanxX the Executioner (level 18, -10/187 HPs)
             Began as a Minotaur Berserker on Aug 26, 2018.
             Was a High Priest of Trog.
             Killed by the raging water
             ... invoked by a water nymph
              (30 damage)
             ... on level 4 of the Shoals.
             The game lasted 01:43:58 (40078 turns).

XxsatanxX the Executioner (Minotaur Berserker)     Turns: 40078, Time: 01:43:59

Health: -10/187    AC: 27    Str: 28    XL:     18   Next: 31%
Magic:  35/35      EV:  9    Int:  4    God:    Trog [*****.]
Gold:   1843       SH:  0    Dex: 17    Spells: 17/17 levels left

rFire    . . .     SeeInvis .   K - +2 executioner's axe (flame)
rCold    + + .     Gourm    .   (shield currently unavailable)
rNeg     . . .     Faith    .   X - +4 plate armour "Somun" {rElec rC+ MP+9 Slay+3}
rPois    +         Spirit   .   (helmet unavailable)
rElec    +         Reflect  .   (no cloak)
rCorr    .         Harm     .   P - +1 pair of gloves "Tieps" {rC+ Dex+2}
MR       ++++.                  t - +1 pair of boots
Stlth    ..........             g - amulet of the acrobat
HPRegen  1.41/turn              a - ring of poison resistance
MPRegen  0.24/turn              F - ring "Wulaha" {*Drain MR+ MP+9 Dex+3}

@: lethally poisoned (-10 -> -15), mesmerised, held, regenerating, very slow
A: retaliatory headbutt, claws 1, horns 3, robust 1, evolution 1
}: 1/15 runes: serpentine
a: Berserk, Trog's Hand, Brothers in Arms, Renounce Religion


You were on level 4 of the Shoals.
You worshipped Trog.
Trog was extremely pleased with you.
You were not hungry.

You visited 5 branches of the dungeon, and saw 31 of its levels.
You also visited: Labyrinth.

You collected 3765 gold pieces.
You spent 1922 gold pieces at shops.

Inventory:

Hand Weapons
 K - a +2 executioner's axe of flaming (weapon)
 R - a +1 vampiric battleaxe
Missiles
 i - 8 poisoned tomahawks (quivered)
 B - 3 javelins of penetration
 O - 5 exploding tomahawks
 Y - 5 silver javelins
Armour
 t - a +1 pair of boots (worn)
 P - the +1 pair of gloves "Tieps" (worn) {rC+ Dex+2}
   (You found it in a labyrinth)

   It affects your dexterity (+2).
   It protects you from cold.
 S - a +2 hat of see invisible
 X - the +4 plate armour "Somun" (worn) {rElec rC+ MP+9 Slay+3}
   (You found it on level 5 of the Lair of Beasts)

   It affects your accuracy and damage with ranged weapons and melee attacks
   (+3).
   It protects you from cold.
   It insulates you from electricity.
   It affects your magic capacity (+9).
Jewellery
 a - a ring of poison resistance (left hand)
 g - an amulet of the acrobat (around neck)
 l - an uncursed ring of flight
 n - an uncursed ring of protection from magic
 r - the amulet of Zanob {rC+ Regen+}
   (You found it on level 7 of the Dungeon)

   [amulet of regeneration]

   It protects you from cold.
   It increases your rate of regeneration.
 w - an uncursed amulet of the gourmand
 F - the ring "Wulaha" (right hand) {*Drain MR+ MP+9 Dex+3}
   (You found it on level 2 of the Shoals)

   [ring of magical power]

   It affects your dexterity (+3).
   It affects your resistance to hostile enchantments.
   It affects your magic capacity (+9).
   It causes draining when unequipped.
 J - an uncursed ring of protection from cold
 T - an uncursed ring of stealth
Wands
 f - a wand of paralysis (44)
 m - a wand of acid (44)
 p - a wand of clouds (7)
 H - a wand of digging (34)
 I - a wand of polymorph (35)
 L - a wand of enslavement (4)
 N - a wand of flame (81)
 Q - a wand of scattershot (9)
 U - a wand of iceblast (8)
 V - a wand of disintegration (23)
Scrolls
 b - 6 scrolls of remove curse
 o - 2 scrolls of summoning {unknown}
 q - 5 scrolls of immolation
 u - a scroll of fear
 y - 2 scrolls of magic mapping
 z - 9 scrolls of enchant weapon
 A - 4 scrolls of blinking
 C - 16 scrolls of teleportation
 D - 3 scrolls of fog
Potions
 e - a potion of haste
 h - 15 potions of curing
 j - a potion of flight
 s - 5 potions of lignification
 v - 2 potions of ambrosia
 x - 6 potions of might
 E - 3 potions of agility
 G - 5 potions of heal wounds
 W - 2 potions of cancellation
Miscellaneous
 d - a lightning rod (4/4)
 k - a lamp of fire
Comestibles
 c - 35 rations


   Skills:
 + Level 17.6 Fighting
 * Level 23.2 Axes
 + Level 17.4 Armour
 + Level 16.1 Dodging


You had 17 spell levels left.
You didn't know any spells.
Your spell library was empty.

Dungeon Overview and Level Annotations

Branches:
Dungeon (15/15)            Temple (0/1) D:6            Lair (6/6) D:8
 Shoals (4/4) Lair:3        Snake (4/4) Lair:3        Slime (0/5) Lair:6
    Orc (2/2) D:11            Elf (0/3) Orc:2        Vaults (0/5) D:13
 Depths (0/5) D:15

Altars:
Ashenzari
Cheibriados
Dithmenos
Fedhas
Gozag
Kikubaaqudgha
Nemelex Xobeh
Trog
Uskayaw
Xom
Zin
The Shining One
Jiyva

Shops:
D:5 *   D:9 ===   D:12 (   D:13 (   Orc:1 (:(   Orc:2 ((**   Snake:1 !


Innate Abilities, Weirdness & Mutations

You reflexively headbutt those who attack you in melee.
You have a pair of large horns on your head.
You have sharp fingernails.
You are robust. (+10% HP)
You evolve.


Message History

The merfolk impaler hits you from afar with a demon trident of freezing!
* * * LOW HITPOINT WARNING * * *
The merfolk impaler freezes you.
* * * LOW HITPOINT WARNING * * *
The merfolk hits you with a trident.
* * * LOW HITPOINT WARNING * * *
The sea snake bites you.
* * * LOW HITPOINT WARNING * * *
The merfolk javelineer hits you but does no damage.
The merfolk impaler hits you but does no damage.
The merfolk aquamancer hits you but does no damage.
Your skin crawls.
You feel resistant to hostile enchantments.
You feel somewhat more hungry.
You are engulfed in a cloud of scalding steam.
You feel very sick.
The plant is engulfed in a cloud of scalding steam. x2
The water nymph gestures at you while chanting.
The water swirls and strikes you!
You die...

#....^..PP# #P.P...PPP#
#....P.PPP## ##...(...#PP##
##§.§........≈#####
######.§§§.P.....≈≈≈≈≈≈≈≈≈≈≈≈
≈≈≈≈.....§.P...P≈.≈≈≈≈≈≈≈≈≈≈≈
≈≈≈.....§P.))≈≈≈P.≈≈≈≈≈≈≈≈≈≈
######......S@H≈P≈≈P(≈≈≈≈≈≈≈#≈
##≈≈≈≈≈#.....m≈mm≈≈≈≈P..≈≈≈≈≈≈≈
##≈≈≈≈≈#.#....mmmm≈≈≈≈.......#≈≈
#≈.≈#≈≈≈#.#....mmmP.............
#≈.≈≈#≈≈..#....≈≈≈≈≈≈≈..≈...m#..
#≈.≈≈##≈..#.m..≈.≈≈.≈≈≈≈≈≈≈≈≈≈≈.
#≈..≈≈≈#≈.#...m..≈≈≈≈≈≈≈≈≈())≈#.
#≈#).≈≈≈≈≈#.........≈≈≈≈≈m≈m≈≈≈.
##≈#..≈≈≈##..........≈≈≈≈§.mm≈≈≈


You could see a merfolk impaler, 2 merfolk javelineers, a sea snake, a merfolk
aquamancer, 5 merfolk, a manticore, a merfolk siren and 2 water nymphs.

Vanquished Creatures
  Rupert (Snake:1)
  4 krakens (Shoals:3)
  Gastronok (Lair:2)
  Kirke (D:13)
  Roxanne (Shoals:1)
  The ghost of Snack the Warrior, an adept TeAK of Lugonu (Snake:3)
  9 nagarajas
  A minotaur (Lab)
  2 fire dragons
  3 merfolk impalers (Shoals:3)
  An ice dragon (D:15)
  Josephine (D:14)
  3 hydras
  2 merfolk avatars
  A catoblepas (Lair:5)
  4 merfolk aquamancers
  A death knight (D:15)
  3 naga warriors
  19 anacondas
  A centaur warrior (D:13)
  6 two-headed ogres
  A satyr (Shoals:3)
  9 death yaks
  A dancing weapon (Snake:3)
  5 shock serpents
  Urug (Lair:3)
  A deep elf knight (D:13)
  7 naga sharpshooters
  Nergalle (Lair:3)
  A fire crab (Lair:6)
  4 unseen horrors
  A salamander mystic (Snake:3)
  5 skeletal warriors (D:15)
  20 sea snakes
  7 naga ritualists
  8 harpies (Shoals:1)
  A lindwurm (Lair:6)
  6 orc knights
  3 deep elf magi
  2 orc sorcerers (Orc:1)
  A wolf spider zombie (D:13)
  6 mana vipers
  12 ugly things
  7 salamanders
  5 cyclopes
  9 fauns
  7 manticores
  2 merfolk sirens
  10 elephants
  31 black mambas
  A centaur zombie (D:15)
  Maurice (Orc:1)
  2 water nymphs (Shoals:4)
  5 torpor snails (Lair:6)
  9 spiny frogs
  3 gargoyles
  20 naga magi
  4 guardian serpents (Snake:4)
  5 rime drakes
  3 yaktaurs (D:13)
  4 kobold demonologists
  11 komodo dragons
  A minotaur skeleton (Lab)
  13 polar bears
  4 trolls
  26 merfolk
  9 hornets
  3 wind drakes
  9 snapping turtles
  4 tyrant leeches (Lair:6)
  10 hippogriffs
  10 blink frogs
  3 raiju (Lair:6)
  7 slime creatures
  A dream sheep (Lair:6)
  8 water elementals
  9 wraiths
  A shadow (D:12)
  2 vampires
  3 wyverns
  2 redbacks (Lab)
  12 hungry ghosts
  6 basilisks
  32 yaks
  5 steam dragons
  A hog (D:13)
  9 wargs
  4 vampire mosquitoes
  Menkaure (D:6)
  34 nagas
  11 hell hounds (Lair:6)
  10 porcupines
  12 water moccasins
  A phantom (D:11)
  6 sky beasts
  4 ice beasts
  37 orc warriors
  12 black bears
  An eye of draining (Lair:3)
  28 wolves
  4 boggarts (D:14)
  11 ogres
  17 centaurs
  13 crocodiles
  Blork the orc (D:6)
  A wyvern zombie (D:11)
  9 big kobolds
  13 bullfrogs
  2 gnoll sergeants
  A wyvern skeleton (D:14)
  3 scorpions
  A water moccasin skeleton (D:12)
  8 killer bees
  10 wights
  8 howler monkeys
  5 electric eels
  8 crimson imps
  A bullfrog zombie (D:11)
  14 jellies
  A quasit (D:10)
  13 orc priests
  6 bullfrog skeletons
  11 hounds
  27 orc wizards
  7 centaur skeletons
  2 gnoll shamans
  10 iguanas
  10 worker ants
  An ogre skeleton (Lab)
  A howler monkey zombie (D:5)
  A worker ant zombie (D:9)
  19 gnolls
  18 adders
  5 shadow imps
  7 oozes
  2 worms
  5 adder skeletons
  A dart slug (D:1)
  9 leopard geckos
  94 orcs
  6 bats
  6 giant cockroaches
  9 goblins
  6 hobgoblins
  8 jackals
  34 kobolds
  2 quokkas
  4 ball pythons
  2 frilled lizards (D:3)
  A giant cockroach zombie (D:5)
  A leopard gecko skeleton (D:4)
  A leopard gecko zombie (D:5)
  A quokka skeleton (D:5)
  4 rats
  2 fungi (Lair:6)
  13 plants
  17 tentacles (Shoals:3)
1156 creatures vanquished.

Vanquished Creatures (collateral kills)
  A nagaraja (Snake:4)
  Fannar (D:10)
  Erica (D:9)
  4 anacondas (Snake:4)
  3 death yaks (Lair:6)
  A naga sharpshooter (Snake:4)
  A naga ritualist (Snake:4)
  An orc knight (Orc:2)
  A faun (Shoals:3)
  5 elephants (Lair:4)
  7 black mambas (Snake:4)
  A naga mage (Snake:4)
  Psyche (D:8)
  4 guardian serpents (Snake:4)
  3 rime drakes (Lair:2)
  2 merfolk (Shoals:4)
  2 dream sheep (Shoals:3)
  4 yaks (Lair:4)
  6 steam dragons (Lair:2)
  5 nagas (Snake:4)
  3 water moccasins
  A hell hound (Lair:6)
  4 orc warriors (Orc:2)
  2 ogres (Orc:2)
  6 centaurs
  A scorpion (D:10)
  2 howler monkeys (D:9)
  3 crimson imps
  6 lava snakes (Snake:1)
  2 orc priests
  An orc wizard (D:8)
  3 gnolls (Orc:2)
  8 orcs
  A quokka (D:8)
97 creatures vanquished.

Vanquished Creatures (others)
  A rime drake (Lair:2)
  A water elemental (Shoals:4)
  An orc warrior (Orc:2)
  A crimson imp (D:8)
  An orc (Orc:2)
  7 fungi
  28 plants
  51 tentacles (Shoals:3)
91 creatures vanquished.

Grand Total: 1344 creatures vanquished

Notes
Turn   | Place    | Note
-------+----------+-------------------------------------------
     0 | D:1      | XxsatanxX the Minotaur Berserker began the quest for the Orb.
     0 | D:1      | Reached XP level 1. HP: 19/19 MP: 0/0
   341 | D:1      | Reached XP level 2. HP: 26/27 MP: 1/1
   480 | D:1      | Reached skill level 4 in Axes
   823 | D:1      | Found a shattered altar of Ashenzari.
  1102 | D:2      | Reached XP level 3. HP: 29/33 MP: 2/2
  1424 | D:2      | Found a sparkling altar of Nemelex Xobeh.
  1530 | D:2      | Reached ** piety under Trog
  1755 | D:2      | Found a glowing golden altar of the Shining One.
  2056 | D:3      | Reached XP level 4. HP: 40/40 MP: 3/3
  2223 | D:3      | Found a hide-covered altar of Uskayaw.
  2223 | D:3      | Noticed a sky beast
  2468 | D:3      | Reached skill level 5 in Axes
  2635 | D:4      | Reached XP level 5. HP: 26/47 MP: 4/4
  2877 | D:4      | Reached *** piety under Trog
  2892 | D:4      | Reached XP level 6. HP: 18/55 MP: 5/5
  3231 | D:4      | Reached skill level 5 in Fighting
  3231 | D:4      | Reached skill level 6 in Axes
  3620 | D:5      | Entered Level 5 of the Dungeon
  3909 | D:5      | Reached XP level 7. HP: 28/61 MP: 6/6
  3917 | D:5      | HP: 2/61 [orc wizard/magic dart (7)]
  3926 | D:5      | HP: 1/61 [poisoned by a worker ant]
  4292 | D:5      | Reached skill level 7 in Axes
  4412 | D:5      | Reached skill level 5 in Armour
  4428 | D:5      | Found Zin's Purification Station.
  4431 | D:5      | Found a glowing silver altar of Zin.
  4726 | D:5      | Found a bloodstained altar of Trog.
  5118 | D:6      | Reached **** piety under Trog
  5128 | D:6      | Reached XP level 8. HP: 70/70 MP: 7/7
  5136 | D:6      | Reached skill level 8 in Axes
  5136 | D:6      | Reached skill level 5 in Dodging
  5818 | D:6      | Noticed Menkaure
  5827 | D:6      | Killed Menkaure
  5827 | D:6      | Reached skill level 9 in Axes
  5833 | D:6      | Noticed Blork the orc
  5844 | D:6      | Killed Blork the orc
  6118 | D:6      | Reached XP level 9. HP: 56/79 MP: 8/8
  6278 | D:6      | Found a staircase to the Ecumenical Temple.
  6432 | D:7      | Received a gift from Trog
  6494 | D:7      | Reached skill level 10 in Axes
  6915 | D:7      | Reached ***** piety under Trog
  7238 | D:7      | Found a snail-covered altar of Cheibriados.
  7412 | D:7      | Got a flickering ruby amulet
  7436 | D:7      | Identified the amulet of Zanob {rC+ Regen+} (You found it on level 7 of the Dungeon)
  7638 | D:8      | Reached skill level 11 in Axes
  7657 | D:8      | Received a gift from Trog
  7731 | D:8      | Found a blossoming altar of Fedhas.
  7749 | D:8      | Reached XP level 10. HP: 80/90 MP: 3/9
  7772 | D:8      | Noticed Psyche
  7785 | D:8      | Killed Psyche
  8045 | D:8      | Noticed a death yak
  8046 | D:8      | Noticed a death yak
  8046 | D:8      | Noticed a death yak
  8046 | D:8      | Noticed a death yak
  8047 | D:8      | Noticed a death yak
  8047 | D:8      | Noticed a death yak
  8049 | D:8      | Noticed a death yak
  8053 | D:8      | Noticed a death yak
  8060 | D:8      | Killed a death yak
  8060 | D:8      | Reached skill level 12 in Axes
  8062 | D:8      | Killed a death yak
  8063 | D:8      | Killed a death yak
  8064 | D:8      | Killed a death yak
  8065 | D:8      | Killed a death yak
  8065 | D:8      | Reached skill level 13 in Axes
  8065 | D:8      | Reached XP level 11. HP: 54/99 MP: 3/10
  8065 | D:8      | Killed a death yak
  8070 | D:8      | Killed a death yak
  8070 | D:8      | Reached skill level 10 in Fighting
  8073 | D:8      | Killed a death yak
  8441 | D:8      | Found a staircase to the Lair.
  8590 | D:9      | Found Yqokas's Jewellery Shoppe.
  8683 | D:9      | Found Puema's Food Shoppe.
  8709 | D:9      | Reached skill level 10 in Armour
  8729 | D:9      | Noticed Erica
  8733 | D:9      | Killed Erica
  8962 | D:9      | Found Natuggyrph's Jewellery Shop.
  8986 | D:9      | Noticed a two-headed ogre
  8993 | D:9      | Killed a two-headed ogre
  9617 | D:9      | Reached skill level 14 in Axes
 10058 | D:9      | Found Pois's Jewellery Shop.
 10164 | D:10     | Entered Level 10 of the Dungeon
 10462 | D:10     | Killed an unseen horror
 10603 | D:10     | Received a gift from Trog
 11104 | D:10     | Noticed Fannar
 11114 | D:10     | Killed Fannar
 11355 | Lair:1   | Entered Level 1 of the Lair of Beasts
 11397 | D:9      | Bought an uncursed ring of poison resistance for 260 gold pieces
 11508 | Lair:1   | Reached XP level 12. HP: 43/110 MP: 3/11
 11849 | Lair:1   | Reached skill level 10 in Dodging
 12216 | Lair:1   | Reached skill level 15 in Axes
 13365 | Lair:2   | Found the +5 scythe "Finisher" {speed, Str+3}
 13457 | Lair:2   | Noticed Gastronok
 13469 | Lair:2   | Killed Gastronok
 13469 | Lair:2   | Reached skill level 16 in Axes
 13821 | Lair:3   | Found a staircase to the Shoals.
 14017 | Lair:3   | Noticed a five-headed hydra
 14024 | Lair:3   | Killed a two-headed hydra
 14125 | Lair:3   | Noticed Urug
 14138 | Lair:3   | Killed Urug
 14138 | Lair:3   | Reached XP level 13. HP: 87/118 MP: 4/12
 14346 | Lair:3   | Found a staircase to the Snake Pit.
 14531 | Lair:3   | Noticed Nergalle
 14549 | Lair:3   | Killed Nergalle
 14914 | Lair:3   | Noticed Sonja
 14915 | Lair:3   | Noticed Sonja
 14915 | Lair:3   | Sonja changed into Sonja the eye of draining
 14923 | Lair:3   | Killed Sonja the eye of draining
 15131 | Lair:4   | Received a gift from Trog
 15287 | Lair:4   | Reached skill level 17 in Axes
 17084 | Lair:5   | Got a dazzling plate armour
 17104 | Lair:5   | Identified the +4 plate armour "Somun" {rElec rC+ MP+9 Slay+3} (You found it on level 5 of the Lair of Beasts)
 17811 | D:11     | Found an opulent altar of Gozag.
 17845 | D:11     | Found a staircase to the Orcish Mines.
 18106 | D:11     | Reached XP level 14. HP: 129/129 MP: 7/13
 18378 | D:12     | Found Ixuodira's Weapon Shoppe.
 19559 | Lair:6   | Entered Level 6 of the Lair of Beasts
 19652 | Lair:6   | Found a runed door.
 19653 | Lair:6   | Found a viscous altar of Jiyva.
 19658 | Lair:6   | Found a staircase to the Slime Pits.
 19757 | Lair:6   | Reached skill level 18 in Axes
 19960 | Lair:6   | Reached ****** piety under Trog
 20417 | Lair:6   | Received a gift from Trog
 21140 | Lair:6   | Found a runed door.
 21805 | Lair:6   | Reached skill level 19 in Axes
 21807 | Lair:6   | Received a gift from Trog
 22150 | Orc:1    | Entered Level 1 of the Orcish Mines
 22171 | Orc:1    | Found Hosi's Book Emporium.
 22171 | Orc:1    | Found Enerrics's Antique Weapon Shop.
 22557 | Orc:2    | Entered Level 2 of the Orcish Mines
 22618 | Orc:1    | Found Lirrican's Weapon Emporium.
 22660 | Orc:1    | Noticed Maurice
 22672 | Orc:1    | Killed Maurice
 22855 | Orc:2    | Found a staircase to the Elven Halls.
 22885 | Orc:2    | Reached XP level 15. HP: 92/139 MP: 7/14
 23816 | Orc:2    | Received a gift from Trog
 24266 | Orc:2    | Found Zudach's Assorted Antiques.
 24266 | Orc:2    | Found Gycaynt's Antique Weapon Boutique.
 24268 | Orc:2    | Found Ilol's Antique Weapon Shop.
 24270 | Orc:2    | Found Qetosch's Assorted Antiques.
 24274 | Orc:2    | Bought a scroll of teleportation for 72 gold pieces
 24282 | Orc:2    | Bought a scroll of identify for 62 gold pieces
 24282 | Orc:2    | Bought a lightning rod (4/4) for 1240 gold pieces
 24993 | D:13     | Noticed Kirke
 24998 | D:13     | Killed Kirke
 25038 | D:13     | Found Mocuvami's Antique Weapon Emporium.
 25174 | D:13     | Found a gate to the Vaults.
 25479 | D:14     | Found a labyrinth entrance.
 25535 | Lab      | Entered a labyrinth
 25963 | Lab      | Got a pair of dazzling gloves
 25969 | Lab      | Identified the +1 pair of gloves "Tieps" {rC+ Dex+2} (You found it in a labyrinth)
 26491 | D:14     | Noticed Josephine
 26496 | D:14     | Reached skill level 15 in Fighting
 26500 | D:14     | Killed Josephine
 26508 | D:14     | Reached skill level 20 in Axes
 26656 | D:14     | Received a gift from Trog
 26842 | D:15     | Entered Level 15 of the Dungeon
 27221 | D:15     | Found a shadowy altar of Dithmenos.
 27237 | D:15     | Reached skill level 15 in Armour
 27546 | D:15     | Found an ancient bone altar of Kikubaaqudgha.
 27625 | D:15     | Found a staircase to the Depths.
 28413 | Snake:1  | Entered Level 1 of the Snake Pit
 28507 | Snake:1  | Reached XP level 16. HP: 148/149 MP: 15/15
 28540 | Snake:1  | Found Jogutoa's Distillery.
 28566 | Snake:1  | Bought a potion of curing for 36 gold pieces
 28566 | Snake:1  | Bought a potion of curing for 36 gold pieces
 28566 | Snake:1  | Bought a potion of heal wounds for 60 gold pieces
 28566 | Snake:1  | Bought a potion of heal wounds for 60 gold pieces
 28612 | Snake:1  | Received a gift from Trog
 28791 | Snake:1  | Noticed Rupert
 28810 | Snake:1  | Killed Rupert
 29336 | Snake:1  | You fall through a shaft!
 30575 | Snake:2  | Reached skill level 21 in Axes
 31320 | Snake:3  | Found a runed door.
 31321 | Snake:3  | Found a shimmering altar of Xom.
 31321 | Snake:3  | Noticed Snack's ghost (adept TeAK)
 31351 | Snake:3  | Killed Snack's ghost
 31650 | Snake:3  | Received a gift from Trog
 32585 | Shoals:1 | Entered Level 1 of the Shoals
 32906 | Shoals:1 | Reached skill level 15 in Dodging
 33075 | Shoals:1 | Reached XP level 17. HP: 125/159 MP: 16/16
 33310 | Shoals:1 | Noticed Roxanne
 33316 | Shoals:1 | Gained mutation: Potions are less effective at restoring your health. [potion of mutation]
 33316 | Shoals:1 | Gained mutation: You have a pair of large horns on your head. [potion of mutation]
 33331 | Shoals:1 | Killed Roxanne
 33713 | Snake:1  | Bought a potion of mutation for 96 gold pieces
 33713 | Snake:1  | Lost mutation: You have a pair of large horns on your head. [potion of mutation]
 33713 | Snake:1  | Lost mutation: Potions are less effective at restoring your health. [potion of mutation]
 33713 | Snake:1  | Gained mutation: You evolve. [potion of mutation]
 33713 | Snake:1  | Gained mutation: You are robust. (+10% HP) [potion of mutation]
 33713 | Snake:1  | Gained mutation: You have sharp fingernails. [potion of mutation]
 33883 | Shoals:2 | Got a flickering brass ring
 33885 | Shoals:2 | Identified the ring "Wulaha" {*Drain MR+ MP+9 Dex+3} (You found it on level 2 of the Shoals)
 34077 | Shoals:2 | Received a gift from Trog
 34661 | Shoals:3 | Gained mutation: You have a pair of large horns on your head. [evolution]
 34792 | Shoals:3 | Reached skill level 22 in Axes
 35350 | Shoals:3 | Received a gift from Trog
 35351 | Shoals:3 | Noticed a kraken
 35612 | Shoals:3 | Noticed a kraken
 35797 | Shoals:3 | Noticed a kraken
 35805 | Shoals:3 | Killed a kraken
 35812 | Shoals:3 | Killed a kraken
 36133 | Shoals:3 | Noticed a kraken
 36343 | Shoals:3 | Killed a kraken
 36363 | Shoals:3 | Killed a kraken
 37084 | Snake:4  | Entered Level 4 of the Snake Pit
 38259 | Snake:4  | Reached XP level 18. HP: 187/187 MP: 17/17
 38630 | Snake:4  | Reached skill level 23 in Axes
 38873 | Snake:4  | Got a serpentine rune of Zot
 39123 | Shoals:4 | Entered Level 4 of the Shoals
 40066 | Shoals:4 | Received a gift from Trog
 40078 | Shoals:4 | Killed from afar by a water nymph

Skill      XL: |  1  2  3  4  5  6  7  8  9 10 11 12 13 14 15 16 17 18 |
---------------+-------------------------------------------------------+-----
Axes           | 4 5 6 7 9 11 13 14 16 17 19 20 21 22 23 | 23.2
Fighting       | 4 5 6 7 8 9 11 12 13 14 15 16 17 | 17.6
Armour         | 3 4 5 6 8 9 10 12 13 14 15 16 17 | 17.4
Dodging        | 3 4 6 7 8 9 11 12 13 14 15 16 | 16.1

Action                   |  1- 3 |  4- 6 |  7- 9 | 10-12 | 13-15 | 16-18 || total
-------------------------+-------+-------+-------+-------+-------+-------++-------
Melee: Hand axe          |    73 |   110 |       |       |       |       ||   183
       Headbutt          |    10 |    22 |    64 |    94 |   300 |   161 ||   651
       War axe           |       |    17 |   352 |     4 |       |       ||   373
       Battleaxe         |       |       |     7 |   428 |   865 |       ||  1300
       Executioner's axe |       |       |       |       |   320 |   672 ||   992
Throw: Tomahawk          |       |       |       |    13 |    13 |     5 ||    31
Invok: Berserk           |       |     1 |     3 |     3 |     1 |     5 ||    13
       Trog's Hand       |       |       |     1 |     3 |     2 |     3 ||     9
       Brothers in Arms  |       |       |       |     6 |     9 |    10 ||    25
Evoke: Wand              |       |       |       |       |     4 |     1 ||     5
       Lightning rod     |       |       |       |       |       |     1 ||     1
  Use: Scroll            |       |     9 |     1 |     6 |    11 |     4 ||    31
       Potion            |       |     1 |     1 |       |       |     8 ||    10
  Eat: Chunk             |     3 |     7 |    20 |    20 |    34 |    33 ||   117
       Ration            |       |       |       |     1 |     8 |     8 ||    17
Armor: Animal skin       |     2 |       |       |       |       |       ||     2
       Ring mail         |    11 |    47 |    24 |       |       |       ||    82
       Leather armour    |     5 |       |       |       |       |       ||     5
       Chain mail        |       |       |   115 |       |       |       ||   115
       Plate armour      |       |       |    40 |   307 |   644 |   474 ||  1465
Dodge: Dodged            |    47 |    54 |    81 |   363 |  1049 |   930 ||  2524
Block: Buckler           |     8 |    22 |       |       |       |       ||    30
       Large shield      |       |    12 |   256 |       |       |       ||   268
